 Dungeon Crawl Stone Soup version 0.16.2-3-ga078185 (webtiles) character file.

153 gorblad the Skirmisher (level 5, -1/47 HPs)
             Began as a Draconian Abyssal Knight on Sept 6, 2015.
             Was a Believer of Lugonu.
             Slain by gorblad's ghost (11 damage)
             ... on level 3 of the Dungeon.
             The game lasted 00:09:03 (2937 turns).

gorblad the Skirmisher (Draconian Abyssal Knight)   Turns: 2937, Time: 00:09:04

Health: -1/47      AC:  5    Str: 15    XL:     5   Next: 12%
Magic:  6/6        EV: 19    Int: 13    God:    Lugonu [**....]
Gold:   189        SH:  0    Dex: 15    Spells: 0 memorised, 4 levels left

rFire  . . .     SeeInvis .     a - +1 falchion
rCold  . . .     Clarity  .     (armour unavailable)
rNeg   . . .     SustAb   .     (no shield)
rPois  .         Gourm    .     (helmet restricted)
rElec  .         Spirit   .     (no cloak)
rCorr  .         Warding  .     (no gloves)
rMut   .         Stasis   .     (no boots)
MR     .....                    (no amulet)
Stlth  ++........               (no ring)
                                (no ring)

@: agile, lethally poisoned (-1 -> -7), not resistant to hostile enchantments,
unstealthy
A: unfitting armour, cold-blooded, AC +5
a: Depart the Abyss, Bend Space, Renounce Religion


You were on level 3 of the Dungeon.
You worshipped Lugonu.
Lugonu was pleased with you.
You were not hungry.

You visited 1 branch of the dungeon, and saw 3 of its levels.
You visited the Abyss 1 time.

You collected 189 gold pieces.

Inventory:

Hand weapons
 a - a +1 falchion (weapon)
Scrolls
 d - 5 scrolls of remove curse {unknown}
 e - 2 scrolls of recharging {unknown}
 h - a scroll of fear {unknown}
 i - 3 scrolls of enchant armour {unknown}
 k - 2 scrolls of immolation {unknown}
 m - 2 scrolls of amnesia {unknown}
 r - 2 scrolls of identify {unknown}
Potions
 g - a potion of cancellation {unknown}
 l - a potion of agility
 p - 2 potions of curing {unknown}
 s - a potion of restore abilities {unknown}
 t - a potion of berserk rage {unknown}
Comestibles
 b - 2 meat rations
 c - 2 bread rations
 f - a slice of pizza
 j - a fruit
 q - a beef jerky


   Skills:
 + Level 4.3 Fighting
 + Level 2.7 Long Blades
 + Level 3.8 Dodging
 + Level 2.4 Invocations


You had 4 spell levels left.
You didn't know any spells.

Dungeon Overview and Level Annotations

Branches:
Dungeon (3/15)

Altars:

Annotations:
D:3 gorblad's ghost, average DsCK


Innate Abilities, Weirdness & Mutations

Your plain brown scales are hard (AC +5).
Your body does not fit into most forms of armour.
Your cold-blooded metabolism reacts poorly to cold.


Message History

You hit gorblad's ghost.
You tail-slap gorblad's ghost, but do no damage.
Gorblad's ghost is almost destroyed.
Gorblad's ghost holds its blade at the ready.
Gorblad's ghost hits you!
* * * LOW HITPOINT WARNING * * *
You are more poisoned.
It was a potion of heal wounds.
You feel much better.
You feel sick. Gorblad's ghost closely misses you.
It was a potion of agility.
You feel agile all of a sudden.
You feel sick. Gorblad's ghost hits you.
* * * LOW HITPOINT WARNING * * *
Gorblad's ghost burns you.
* * * LOW HITPOINT WARNING * * *
You hit gorblad's ghost but do no damage.
You tail-slap gorblad's ghost.
Gorblad's ghost is almost destroyed.
You feel sick. Gorblad's ghost hits you!
You die...

#.# #.#######.#
#.# #.# #.#
#.#####.#######.#
#.......#.......#
#########.#######
#.# #.# #.####.#
#...W@.# ########


You could see gorblad's ghost.

Vanquished Creatures
  A hound (D:3)
  An orc wizard (D:3)
  3 adders (D:3)
  A gnoll (D:1)
  A giant gecko (D:2)
  5 orcs (D:3)
  7 bats
  2 giant cockroaches
  13 goblins
  7 hobgoblins
  5 jackals
  9 kobolds
  3 giant newts
  A rat (D:1)
59 creatures vanquished.

Notes
Turn   | Place    | Note
--------------------------------------------------------------
     0 | Abyss:1  | gorblad, the Draconian Abyssal Knight, began the quest for the Orb.
     0 | Abyss:1  | Reached XP level 1. HP: 19/19 MP: 1/1
    79 | D:1      | Escaped the Abyss
   470 | D:1      | Reached XP level 2. HP: 21/26 MP: 2/2
   484 | D:1      | Acquired Lugonu's first power
   928 | D:1      | Reached XP level 3. HP: 28/33 MP: 4/4
  1792 | D:3      | Reached XP level 4. HP: 33/40 MP: 5/5
  2050 | D:3      | Reached skill level 4 in Fighting
  2052 | D:3      | Acquired Lugonu's second power
  2368 | D:3      | Reached XP level 5. HP: 34/46 MP: 6/6
  2920 | D:3      | Noticed gorblad's ghost (average DsCK)
  2934 | D:3      | HP: 1/47 [gorblad's ghost (8)]
  2937 | D:3      | Slain by gorblad's ghost

Action                   |  1- 3 |  4- 6 || total
-------------------------+-------+-------++-------
Melee: Falchion          |   116 |    77 ||   193
Invok: Depart the Abyss  |     1 |       ||     1
  Use: Potion            |       |     2 ||     2
  Eat: Fruit             |     2 |       ||     2
       Chunk             |     1 |       ||     1
       Bread ration      |       |     1 ||     1
